 Dungeon Crawl Stone Soup version 0.30-a0-652-gcc886f7154 (webtiles) character file.

Game seed: 2452173245372684436

1495 Dittersdorf the Shield-Bearer (level 8, 0/52 HPs)
             Began as a Gargoyle Fighter on Jan 17, 2023.
             Killed from afar by an electric eel (3 damage)
             ... with a bolt of electricity
             ... on level 5 of the Dungeon.
             The game lasted 00:08:22 (5065 turns).

Dittersdorf the Shield-Bearer (Gargoyle Fighter)    Turns: 5065, Time: 00:08:22

Health: 0/52       AC: 13    Str: 22    XL:     8   Next: 81%
Magic:  8/8        EV:  9    Int:  9    God:
Gold:   288        SH:  6    Dex:  9    Spells: 7/7 levels left

rFire   . . .      SeeInvis .    f - +3 morningstar (drain)
rCold   + . .      Faith    .    c - +1 buckler
rNeg    + . .      Spirit   .    b - +0 scale mail
rPois   ∞          Reflect  .    (no helmet)
rElec   +          Harm     .    (no cloak)
rCorr   +          Rampage  .    (no gloves)
Will    .....                    (no boots) Stlth
                                 (no amulet)
HPRegen 0.28/turn                e - ring of resist corrosion
MPRegen 0.11/turn                p - ring of protection from cold

@: studying Staves
A: sickness immunity, AC +5, negative energy resistance 1, electricity
resistance, torment resistance 1, petrification resistance
a: no special abilities


You were on level 5 of the Dungeon.
You visited 1 branch of the dungeon, and saw 5 of its levels.
You also visited: Sewer.

You collected 288 gold pieces.

Inventory:

Hand Weapons
 f - a +3 morningstar of draining (weapon)
Missiles
 i - 12 poisoned darts (quivered)
 m - 2 throwing nets
Armour
 b - a +0 scale mail (worn)
 c - a +1 buckler (worn)
Jewellery
 e - a ring of resist corrosion (left hand)
 k - a ring of positive energy
 p - a ring of protection from cold (right hand)
Wands
 a - a wand of roots (4)
 r - a wand of quicksilver (3)
 t - a wand of flame (13)
 v - a wand of charming (12)
Scrolls
 s - 2 scrolls of teleportation
 u - a scroll of blinking
 w - a scroll of enchant armour
Potions
 d - a potion of might
 g - a potion of berserk rage
 h - 4 potions of mutation
 j - 2 potions of curing
 l - 3 potions of resistance
 n - a potion of cancellation
 o - a potion of heal wounds
 q - 2 potions of magic
 x - a potion of flight


   Skills:
 + Level 6.7 Fighting
 + Level 5.6 Maces & Flails
 + Level 6.6 Armour
 + Level 6.7 Shields


You had 7 spell levels left.
You didn't know any spells.
Your spell library contained the following spells:

 Spells                   Type           Power      Damage    Failure   Level
 Yara's Violent Unravell  Hex/Tmut       0%         3d3       100%        5
 Enfeeble                 Hex            0%         N/A       100%        7


Dungeon Overview and Level Annotations

Branches:
Dungeon (5/15)              Sewer (visited)
 Temple: D:4-7

Altars:
Fedhas
Qazlal
Sif Muna
Trog
Uskayaw
Vehumet
Wu Jian


Innate Abilities, Weirdness & Mutations

You are immune to sickness and miasma.
Your stone body is resilient. (AC +5)
You are immune to poison.
You resist negative energy. (rN+)
You are resistant to electric shocks. (rElec)
You are resistant to unholy torment.
You are immune to petrification.


Message History

You are too injured to fight recklessly!
You are too injured to fight recklessly!
You are too injured to fight recklessly!
You are too injured to fight recklessly!
You are too injured to fight recklessly!
You are too injured to fight recklessly!
You hit the electric eel but do no damage.
You drain the electric eel.
The electric eel is almost dead.
The electric eel shoots out a bolt of lightning at you!
The bolt of electricity hits you but does no damage.
You resist. The bolt of electricity hits you. You resist.
You puncture the electric eel!
You kill the electric eel!
You hear a splash.
The electric eel shoots out a bolt of lightning at you!
The bolt of electricity hits you. You resist. The bolt of electricity hits you.
You resist.
You barely miss the electric eel.
The electric eel shoots out a bolt of lightning at you!
The bolt of electricity hits you. You resist. The bolt of electricity hits you.
You resist.
* * * LOW HITPOINT WARNING * * *
You barely miss the electric eel.
The electric eel shoots out a bolt of lightning at you!
The bolt of electricity hits you. You resist.
* * * LOW HITPOINT WARNING * * *
The bolt of electricity hits you. You resist.
* * * LOW HITPOINT WARNING * * *
You sock the electric eel! You drain the electric eel.
You kill the electric eel!
You hear a splash.
The electric eel shoots out a bolt of lightning at you!
The bolt of electricity hits you. You resist.
* * * LOW HITPOINT WARNING * * *
The bolt of electricity hits you. You resist.
* * * LOW HITPOINT WARNING * * *
The electric eel shoots out a bolt of lightning at you!
The bolt of electricity hits you. You resist.
You die...

#.#.))##÷..##.....
#...#..#.#........
#..###.#.#........
##########..#...###.#
##...~~†~~####........
##~########~##########.
#~##..P.(≈##.# ##
#~#.....†≈≈#.# #
#.#...@...≈#.#
#.#'..~S†≈≈#.# .#####
#..#..~(?≈##~## ....#
##.##########~## #.!.##
#~)# .~).≈##~###...#.
##~# .PP$≈S#.#.#.#...
#.# ..~.!S#.#.....##
#.# ..P~≈S#.#..##..#
#.. .P~$≈##'#..#....


You could see an electric eel.

Vanquished Creatures
  A water moccasin (Sewer)
  An orc warrior (D:5)
  4 ogres (D:4)
  A phantom (D:4)
  A kobold brigand (D:4)
  A bullfrog (D:4)
  A necrophage (D:5)
  A scorpion (D:4)
  2 electric eels (D:5)
  A jelly (D:5)
  2 hounds
  2 orc priests
  Ijyb (D:3)
  An iguana (D:5)
  Natasha (thrice) (D:3)
  3 orc wizards
  7 adders
  5 gnolls
  A river rat (D:3)
  A white imp (D:4)
  2 worms (D:3)
  2 dart slugs
  10 orcs
  6 endoplasms
  2 giant cockroaches
  7 goblins
  9 hobgoblins
  8 jackals
  8 kobolds
  5 quokkas
  9 ball pythons
  12 bats
  3 frilled lizards
  7 rats
130 creatures vanquished.

Vanquished Creatures (others)
  2 plants (D:5)
2 creatures vanquished.

Grand Total: 132 creatures vanquished

Notes
Turn   | Place    | Note
-------+----------+-------------------------------------------
     0 | D:1      | Dittersdorf the Gargoyle Fighter began the quest for the
                  | Orb.
     0 | D:1      | Reached XP level 1. HP: 14/14 MP: 1/1
   155 | D:1      | Reached XP level 2. HP: 19/19 MP: 2/2
   612 | D:1      | Reached XP level 3. HP: 22/23 MP: 3/3
   927 | D:2      | Found a faded altar of an unknown god.
   963 | D:2      | Reached XP level 4. HP: 27/29 MP: 4/4
  1270 | D:2      | Found a bloodstained altar of Trog.
  1476 | D:3      | Found a radiant altar of Vehumet.
  1497 | D:3      | Noticed Ijyb
  1510 | D:3      | Killed Ijyb
  1511 | D:3      | Reached XP level 5. HP: 11/33 MP: 5/5
  1607 | D:3      | Found a glowing drain.
  1620 | Sewer    | Entered a sewer
  1703 | Sewer    | Noticed a water moccasin
  1712 | Sewer    | Killed a water moccasin
  1713 | Sewer    | Reached XP level 6. HP: 29/39 MP: 6/6
  2017 | D:3      | Found a hide-covered altar of Uskayaw.
  2545 | D:3      | Noticed Natasha
  2549 | D:3      | Killed Natasha
  2621 | D:3      | Found a blossoming altar of Fedhas.
  2714 | D:3      | Found a blossoming altar of Fedhas.
  2770 | D:3      | Noticed Natasha
  2777 | D:3      | Killed Natasha
  2778 | D:3      | Reached skill level 5 in Fighting
  2778 | D:3      | Reached skill level 5 in Shields
  2866 | D:3      | Noticed Natasha
  2872 | D:3      | Killed Natasha
  2873 | D:3      | Reached skill level 5 in Armour
  2873 | D:3      | Reached XP level 7. HP: 40/44 MP: 7/7
  3258 | D:3      | Found a hide-covered altar of Uskayaw.
  3299 | D:3      | Found a radiant altar of Vehumet.
  4053 | D:4      | Reached XP level 8. HP: 50/51 MP: 8/8
  4230 | D:4      | Found a stormy altar of Qazlal.
  4275 | D:4      | Reached skill level 5 in Maces & Flails
  4449 | D:5      | Entered Level 5 of the Dungeon
  4449 | D:5      | Found an ornate altar of the Wu Jian Council.
  4530 | D:5      | Found a shimmering blue altar of Sif Muna.
  5065 | D:5      | Killed from afar by an electric eel

Illustrated notes

Levels and vault maps discovered:
D:1:      lemuel_arrival_cross, layout_basic
D:2:      layout_loops_ring, ebering_ecumenical_altar_sacrificial, basic_altar
D:3:      layout_loops_corners, lemuel_tele_altar, general_overflow_altar,
          fedhas_altar_fruit_tree, portal_sewer_entry_e, uniq_natasha, uniq_ijyb
D:4:      kb_forest_paths, layout_basic, mainiacjoe_overflow_surrounded_room,
          serial_glass, glass_columns_c, glass_columns_b, grunt_ministairs_9
D:5:      cheibrodos_two_vegetables, layout_rooms, led_sif_book,
          lemuel_crystal_altar, ebering_ghost_sewer_f,
          nicolae_concentric_dashed_squares_mild

Skill      XL: |  1  2  3  4  5  6  7  8 |
---------------+-------------------------+-----
Fighting       | 4 5 6 |  6.7
Armour         | 4 5 6 |  6.6
Shields        | 4 5 6 |  6.7
Maces & Flails | 3 4 5 |  5.6

Action                   |  1- 3 |  4- 6 |  7- 9 || total
-------------------------+-------+-------+-------++-------
Melee: Flail             |   119 |    50 |       ||   169
       Morningstar       |       |   120 |   189 ||   309
Throw: Dart              |       |     3 |       ||     3
  Use: Scroll            |       |    10 |     7 ||    17
Armor: Scale mail        |    75 |   133 |   149 ||   357
Dodge: Dodged            |    83 |   102 |    90 ||   275
Block: Buckler           |    36 |    54 |    50 ||   140

Table legend: (Time is in decaauts)
 A = Elapsed time spent in this place.
 B = Non-inter-level travel time spent in this place.
 C = Inter-level travel time spent in this place.
 D = Time resting spent in this place.
 E = Time spent auto-exploring this place.
 F = Levels seen in this place.
 G = Mean time per level.
                   A        B        C        D        E       F      G
               +--------+--------+--------+--------+--------+-----+--------+
         Total |   5233 |   5040 |    193 |    422 |   3433 |   6 |  872.2 |
       Dungeon |   5049 |   4856 |    193 |    334 |   3382 |   5 | 1009.8 |
         Sewer |    184 |    184 |      0 |     88 |     51 |   1 |  184.0 |
               +--------+--------+--------+--------+--------+-----+--------+

Top non-repeatable levels by time:
     D:3: 1908 daAuts
     D:4: 1049 daAuts
     D:2: 782 daAuts
     D:1: 738 daAuts
     D:5: 570 daAuts
   Sewer: 184 daAuts
